 Dungeon Crawl Stone Soup version 0.27.1-4-g1640c2035a (webtiles) character file.

Game seed: 14796984343455236364

3158 AarnesTheHuman the Blocker (level 10, -4/80 HPs)
             Began as a Formicid Fighter on Nov 3, 2021.
             Was a Follower of Uskayaw.
             Slain by a boulder beetle (9 damage)
             ... on level 8 of the Dungeon.
             The game lasted 00:10:09 (9056 turns).

AarnesTheHuman the Blocker (Formicid Fighter)       Turns: 9056, Time: 00:10:10

Health: -4/80      AC: 15    Str: 22    XL:     10   Next: 15%
Magic:  10/10      EV: 10    Int: 10    God:    Uskayaw [*.....]
Gold:   298        SH: 11    Dex: 10    Spells: 9/9 levels left

rFire    . . .     SeeInvis +   b - +7 dagger (venom)
rCold    . . .     Faith    .   c - +0 kite shield
rNeg     . . .     Spirit   .   o - +0 scale mail
rPois    +         Reflect  .   (helmet unavailable)
rElec    .         Harm     .   u - scarf {repulsion}
rCorr    .         Rampage  .   (no gloves)
Will     +....                  B - +2 pair of boots
Stlth    ..........             (no amulet)
HPRegen  0.23/turn              k - ring of poison resistance
MPRegen  0.12/turn              r - +4 ring of protection

@: repel missiles
A: permanent stasis, dig shafts and tunnels, antennae 3, four strong arms
a: Dig, Shaft Self, Renounce Religion, Stomp


You were on level 8 of the Dungeon.
You worshipped Uskayaw.
Uskayaw was noncommittal.
You visited 2 branches of the dungeon, and saw 9 of its levels.

You collected 298 gold pieces.

Inventory:

Hand Weapons
 a - a +0 long sword
 b - a +7 dagger of venom (weapon)
 q - a +0 hunting sling
 D - a +2 falchion
Missiles
 l - 225 stones
 m - 8 boomerangs of dispersal
 w - 2 throwing nets
Armour
 c - a +0 kite shield (worn)
 o - a +0 scale mail (worn)
 u - a scarf of repulsion (worn)
 x - a +0 troll leather armour {Purgy}
 B - a +2 pair of boots (worn)
Jewellery
 k - a ring of poison resistance (left hand)
 r - a +4 ring of protection (right hand)
 s - a +6 ring of strength
Wands
 t - a wand of iceblast (6)
 y - a wand of mindburst (19)
Scrolls
 e - 5 scrolls of identify
 p - 2 scrolls of enchant weapon
 v - a scroll of magic mapping
 z - 2 scrolls of amnesia
 C - a scroll of acquirement {unknown}
 E - a scroll of enchant armour {unknown}
 F - a scroll of blinking {unknown}
Potions
 d - a potion of might
 f - 2 potions of heal wounds
 g - a potion of flight
 h - 2 potions of mutation
 i - a potion of brilliance
 j - 3 potions of curing
 n - a potion of invisibility
 A - a potion of haste {unknown}


   Skills:
 + Level 8.1 Fighting
 + Level 7.1 Long Blades
 + Level 8.1 Armour
 + Level 8.9 Shields


You had 9 spell levels left.
You didn't know any spells.
Your spell library contained the following spells:

 Spells                   Type           Power      Damage    Failure   Level
 Ignite Poison            Fire/Tmut/Pois 0%         N/A       95%         3
 Mephitic Cloud           Conj/Pois/Air  0%         N/A       95%         3
 Bolt of Magma            Conj/Fire/Erth 0%         4d4       100%        5


Dungeon Overview and Level Annotations

Branches:
Dungeon (8/15)             Temple (1/1) D:7
   Lair: D:8-11

Altars:
Elyvilon
Gozag
Hepliaklqana
Kikubaaqudgha
Makhleb
Ru
Sif Muna
Trog
Uskayaw
Vehumet

Shops:
D:3 !   D:4 [   D:7 :


Innate Abilities, Weirdness & Mutations

You cannot be hasted, slowed, berserked, paralysed or teleported.
You can dig through walls and to a lower floor.
You have a pair of large antennae on your head. (SInv)
Your four strong arms can wield two-handed weapons with a shield.


Message History

You hit the boulder beetle but do no damage.
The boulder beetle is lightly wounded.
The boulder beetle bites you.
* * * LOW HITPOINT WARNING * * *
You hit the boulder beetle but do no damage.
The boulder beetle looks as sick as possible!
The boulder beetle is lightly wounded.
The boulder beetle bites you but does no damage.
You hit the boulder beetle but do no damage.
The boulder beetle is moderately wounded.
You block the boulder beetle's attack.
You hit the boulder beetle but do no damage.
The boulder beetle looks as sick as possible!
The boulder beetle is moderately wounded.
The boulder beetle bites you!
* * * LOW HITPOINT WARNING * * *
You hit the boulder beetle but do no damage.
The boulder beetle looks as sick as possible!
The boulder beetle is moderately wounded.
The boulder beetle closely misses you.
You hit the boulder beetle but do no damage.
The boulder beetle is moderately wounded.
You hit the boulder beetle.
The boulder beetle looks as sick as possible!
The boulder beetle is heavily wounded.
The boulder beetle bites you!
* * * LOW HITPOINT WARNING * * *
You hit the boulder beetle but do no damage.
The boulder beetle looks as sick as possible!
The boulder beetle is heavily wounded.
You block the boulder beetle's attack.
You hit the boulder beetle but do no damage.
The boulder beetle looks as sick as possible!
The boulder beetle is severely wounded.
The boulder beetle closely misses you.
You hit the boulder beetle but do no damage.
The boulder beetle looks as sick as possible!
The boulder beetle is severely wounded.
The boulder beetle bites you!
You die...

...........
....8.8....
........>...
.8.........
...........
#........#
#..#.....#
..#.###.#......#.
#......@B.......#
..#...###.......#
##.# #○........
... ##°.......
... #........ ...
......... ...
..........
.......#(..
............


You could see a boulder beetle (extremely poisoned).

Vanquished Creatures
  Grinder (D:5)
  Sigmund (D:4)
  2 vampire mosquitoes (D:7)
  Duvessa (D:4)
  4 water moccasins
  Purgy (D:4)
  An orc warrior (D:7)
  A sky beast (D:5)
  A hornet zombie (D:7)
  3 ogres
  2 centaurs
  2 phantoms
  2 bullfrogs
  2 scorpions
  Dowan (D:4)
  3 wights (D:7)
  A centaur zombie (D:6)
  A bullfrog zombie (D:6)
  3 hounds
  A jelly (D:5)
  A bullfrog skeleton (D:6)
  A gnoll shaman (D:5)
  2 orc priests (D:5)
  2 iguanas
  Jessica (D:2)
  An orc wizard (D:5)
  Natasha (thrice) (D:4)
  6 gnolls
  3 howler monkey skeletons
  5 adders
  2 white imps
  A worm (D:2)
  3 dart slugs
  6 orcs
  3 bats
  3 endoplasms
  2 giant cockroaches
  3 goblins
  5 hobgoblins
  4 kobolds
  2 quokkas (D:4)
  4 ball pythons
  3 frilled lizards
  A rat (D:1)
101 creatures vanquished.

Vanquished Creatures (others)
  3 fungi
  A plant (D:8)
4 creatures vanquished.

Grand Total: 105 creatures vanquished

Notes
Turn   | Place    | Note
-------+----------+-------------------------------------------
     0 | D:1      | AarnesTheHuman the Formicid Fighter began the quest for the
                  | Orb.
     0 | D:1      | Reached XP level 1. HP: 18/18 MP: 1/1
   122 | D:1      | Reached XP level 2. HP: 24/24 MP: 2/2
  1395 | D:2      | Noticed Jessica
  1407 | D:2      | Killed Jessica
  1408 | D:2      | Reached XP level 3. HP: 7/30 MP: 3/3
  1765 | D:2      | Reached XP level 4. HP: 37/37 MP: 4/4
  2341 | D:3      | Found Soasigify's Distillery.
  2416 | D:3      | Found a radiant altar of Vehumet.
  2489 | D:3      | Found a shimmering blue altar of Sif Muna.
  2733 | D:3      | Found a faded altar of an unknown god.
  2897 | D:4      | Noticed Duvessa
  2897 | D:4      | Noticed Dowan
  2907 | D:4      | Killed Duvessa
  2908 | D:4      | Reached XP level 5. HP: 35/43 MP: 5/5
  2908 | D:4      | Reached XP level 6. HP: 40/49 MP: 6/6
  2913 | D:4      | Killed Dowan
  2914 | D:4      | Reached skill level 5 in Shields
  3509 | D:4      | Found a bloodstained altar of Trog.
  3587 | D:4      | Noticed an ogre
  3599 | D:4      | Killed an ogre
  3600 | D:4      | Reached XP level 7. HP: 22/55 MP: 7/7
  3823 | D:4      | Noticed Sigmund
  3836 | D:4      | Killed Sigmund
  3837 | D:4      | Reached skill level 5 in Fighting
  3837 | D:4      | Reached skill level 5 in Armour
  3871 | D:4      | Noticed Natasha
  3874 | D:4      | Found Ubiurr's Armour Shoppe.
  3884 | D:4      | Killed Natasha
  4167 | D:4      | Noticed Purgy
  4175 | D:4      | Killed Purgy
  4176 | D:4      | Reached XP level 8. HP: 63/63 MP: 8/8
  4309 | D:4      | Noticed Natasha
  4319 | D:4      | Killed Natasha
  4385 | D:4      | Found Ubiurr's Armour Shoppe.
  4435 | D:4      | Noticed Natasha
  4446 | D:4      | Killed Natasha
  4711 | D:4      | Found a bloodstained altar of Trog.
  4946 | D:5      | Entered Level 5 of the Dungeon
  5127 | D:5      | Reached skill level 5 in Long Blades
  5563 | D:5      | Reached XP level 9. HP: 49/71 MP: 9/9
  6073 | D:5      | Noticed Grinder
  6093 | D:5      | Killed Grinder
  7205 | D:6      | Found a sacrificial altar of Ru.
  7639 | D:7      | Found a white marble altar of Elyvilon.
  8043 | D:7      | Reached XP level 10. HP: 74/80 MP: 10/10
  8437 | D:7      | Found a hide-covered altar of Uskayaw.
  8437 | D:7      | Found a hazy altar of Hepliaklqana.
  8445 | D:7      | Became a worshipper of Uskayaw the Reveller
  8486 | D:7      | Found a staircase to the Ecumenical Temple.
  8541 | D:7      | Reached * piety under Uskayaw
  8592 | D:7      | Found Wasoodiu's Book Shoppe.
  8712 | D:7      | Found an opulent altar of Gozag.
  9016 | Temple   | Entered the Ecumenical Temple
  9037 | D:8      | Noticed a boulder beetle
  9053 | D:8      | HP: 4/80 [boulder beetle (14)]
  9056 | D:8      | Slain by a boulder beetle

Illustrated notes

Levels and vault maps discovered:
D:1:      nicolae_arrival_memento_mori, layout_basic, minmay_stone_trees_small,
          minmay_misc_feat_nine_boxes, st_stairs_8
D:2:      minmay_inner_zag, layout_basic, uniq_jessica
D:3:      layout_rooms, vehumet_crystals, nicolae_sif_muna_condensation,
          serial_shops, nicolae_shop_statue_plus,
          shapermc_ecumenical_altar_acropolis, kennysheep_generic_room_4
D:4:      layout_basic, nicolae_overflow_crystal_walls, serial_shops, shop,
          uniq_natasha, uniq_sigmund, uniq_duvessa, uniq_purgy
D:5:      layout_loops_corners, kennysheep_generic_room_16, uniq_grinder
D:6:      layout_basic, old_standard_altar, serial_co_window_serial,
          co_window_of_opportunity_a, co_window_paths_b,
          co_window_of_opportunity_a, co_window_paths_a, co_window_corner_a,
          co_window_broadway_a, co_window_paths_c, co_window_2corner,
          co_window_corner_b, co_window_paths_c, co_window_broadway_b,
          co_window_corner_b, glass_columns_a, glass_columns_a, glass_columns_c,
          glass_columns_a, glass_columns_a
D:7:      layout_cave_pools, kennysheep_mini_moat,
          gammafunk_temple_overflow_pools, mainiacjoe_overflow_alcove_1,
          minmay_temple_entry_enclosed_plants, serial_rivers,
          chequers_serial_rivers_micro_e, chequers_serial_rivers_micro_e,
          chequers_serial_rivers_room_a, chequers_serial_rivers_micro_a,
          chequers_serial_rivers_marsh, chequers_serial_rivers_micro_a,
          serial_shops, nicolae_lakefront_shop
D:8:      layout_cave_pools, grunt_temple_overflow_forces_of_nature,
          serial_column_ruins, column_ruins_hut, column_ruins_hut,
          column_ruins_open_tiny, column_ruins_open_tiny, column_ruins_grid_3,
          column_ruins_corridor_T, column_ruins_open_tiny, st_stairs_14,
          hangedman_decor_lopped
Temple:   compressed_dpeg_triangle_lava_temple

Skill      XL: |  1  2  3  4  5  6  7  8  9 10 |
---------------+-------------------------------+-----
Shields        | 4 5 6 7 8 |  8.9
Armour         | 4 5 6 7 8 |  8.1
Fighting       | 4 5 6 7 8 |  8.1
Long Blades    | 3 4 5 6 7 |  7.1

Action                   |  1- 3 |  4- 6 |  7- 9 | 10-12 || total
-------------------------+-------+-------+-------+-------++-------
Melee: Long sword        |    38 |       |       |       ||    38
       Dagger            |     7 |    61 |   310 |    66 ||   444
  Use: Scroll            |       |     7 |     4 |       ||    11
Armor: Scale mail        |    10 |    10 |   100 |    11 ||   131
Dodge: Dodged            |    13 |    12 |    83 |    19 ||   127
       Repelled          |       |       |     1 |       ||     1
Block: Kite shield       |    21 |    20 |   134 |    31 ||   206
       Rpst.: Long sword |     4 |       |       |       ||     4
